 Dungeon Crawl Stone Soup version 0.30-a0-457-g4b7bca3bfa (webtiles) character file.

Game seed: 6381256306620636957

100 freelancePsychic the Slasher (level 4, -5/38 HPs)
             Began as a Demigod Fighter on Dec 13, 2022.
             Slain by Terence
             ... wielding a +0 vorpal falchion
              (7 damage)
             ... on level 2 of the Dungeon.
             The game lasted 00:03:41 (1614 turns).

freelancePsychic the Slasher (Demigod Fighter)      Turns: 1614, Time: 00:03:41

Health: -5/38      AC:  4    Str: 17    XL:     4   Next: 23%
Magic:  6/6        EV: 11    Int: 10    God:
Gold:   154        SH:  5    Dex: 17    Spells: 3/3 levels left

rFire   . . .      SeeInvis .    a - +0 long sword
rCold   . . .      Faith    .    c - +0 buckler
rNeg    + . .      Spirit   .    i - +0 leather armour
rPois   .          Reflect  .    (no helmet)
rElec   .          Harm     .    (no cloak)
rCorr   .          Rampage  .    g - +0 pair of gloves
Will    .....                    (no boots)
Stlth   +.........               (no amulet)
HPRegen 0.26/turn                f - ring of positive energy
MPRegen 0.10/turn                (no ring)

@: attractive
A: high MP 1, forlorn, divine attributes
a: no special abilities


You were on level 2 of the Dungeon.
You visited 1 branch of the dungeon, and saw 2 of its levels.

You collected 154 gold pieces.

Inventory:

Hand Weapons
 a - a +0 long sword (weapon)
Armour
 b - a +0 scale mail
 c - a +0 buckler (worn)
 g - a +0 pair of gloves (worn)
 i - a +0 leather armour (worn)
Jewellery
 f - a ring of positive energy (left hand)
Scrolls
 e - a scroll of teleportation {@r4}
 h - 2 scrolls of butterflies
 j - 2 scrolls of identify {@r1}
 k - a scroll of magic mapping {unknown}
Potions
 d - a potion of might
 l - a potion of ambrosia {unknown}


   Skills:
 + Level 3.4 Fighting
 * Level 3.4 Long Blades
 - Level 2.6 Armour
 + Level 1.2 Dodging
 - Level 2.6 Shields


You had 3 spell levels left.
You didn't know any spells.
Your spell library contained the following spells:

 Spells                   Type           Power      Damage    Failure   Level
 Kiss of Death            Conj/Necr      0%         2d5       52%         1
 Confusing Touch          Hex            0%         N/A       88%         3
 Tukima's Dance           Hex            0%         N/A       88%         3
 Dispel Undead            Necr           0%         3d6       99%         4
 Passage of Golubria      Tloc           0%         N/A       99%         4
 Yara's Violent Unravell  Hex/Tmut       0%         3d3       100%        5


Dungeon Overview and Level Annotations

Branches:
Dungeon (2/15)

Annotations:
D:2 Terence


Innate Abilities, Weirdness & Mutations

You have an increased reservoir of magic. (+10% MP)
You shall have no god before yourself.
Your divine heritage dramatically boosts your attributes as you level up.


Message History

Terence is moderately wounded.
Terence completely misses you.
You hit Terence but do no damage.
Terence is moderately wounded.
Terence barely misses you.
You hit Terence.
Terence is heavily wounded.
Terence closely misses you.
Terence hits you with a +0 vorpal falchion.
You are too injured to fight recklessly!
You are too injured to fight recklessly!
You are too injured to fight recklessly!
You are too injured to fight recklessly!
You are too injured to fight recklessly!
You are too injured to fight recklessly!
You are too injured to fight recklessly!
You are too injured to fight recklessly!
You are too injured to fight recklessly!
You are too injured to fight recklessly!
You are too injured to fight recklessly!
You are too injured to fight recklessly!
You are too injured to fight recklessly!
You are too injured to fight recklessly!
You are too injured to fight recklessly!
You are too injured to fight recklessly!
You slash Terence!
Terence is almost dead.
Terence hits you with a +0 vorpal falchion.
You closely miss Terence.
Terence is almost dead.
Terence hits you with a +0 vorpal falchion.
* * * LOW HITPOINT WARNING * * *
You hit Terence.
Terence is almost dead.
Terence hits you with a +0 vorpal falchion!
* * * LOW HITPOINT WARNING * * *
x2 It was a potion of attraction.
You feel attractive to monsters.
Terence hits you with a +0 vorpal falchion!
You die...

.....####.##...........#.#
..........##........####.#
..........##........# #.#
..........##........# #.#
..........###..#.#### #.#
..............##.# #.#
.........>######.# #(#
.........## #@# #.#
.........# #@#######.#
.........# #.........#
###......# ###########
########


You could see Terence.

Vanquished Creatures
  Robin (D:2)
  2 adders (D:2)
  A worm (D:2)
  3 dart slugs
  An orc (D:2)
  3 bats
  5 endoplasms
  A giant cockroach (D:2)
  9 hobgoblins
  3 jackals (D:2)
  4 kobolds
  3 quokkas
  4 ball pythons (D:1)
  12 goblins
  A rat (D:1)
53 creatures vanquished.

Notes
Turn   | Place    | Note
-------+----------+-------------------------------------------
     0 | D:1      | freelancePsychic the Demigod Fighter began the quest for
                  | the Orb.
     0 | D:1      | Reached XP level 1. HP: 18/18 MP: 3/3
   217 | D:1      | Reached XP level 2. HP: 22/25 MP: 4/4
   683 | D:2      | Reached XP level 3. HP: 18/31 MP: 5/5
   753 | D:2      | Noticed Robin
   898 | D:2      | Noticed Terence
  1044 | D:2      | Reached skill level 1 in Dodging
  1123 | D:2      | Killed Robin
  1124 | D:2      | Reached XP level 4. HP: 38/38 MP: 6/6
  1613 | D:2      | HP: 1/38 [Terence/+0 vorpal falchion (3)]
  1614 | D:2      | Slain by Terence

Illustrated notes

Levels and vault maps discovered:
D:1:      dpeg_arrival_rooms_c, layout_rooms, chequers_garden
D:2:      layout_basic, basic_altar, uniq_robin, uniq_terence

Skill      XL: |  1  2  3 |
---------------+----------+-----
Long Blades    | 2 3 |  3.4
Fighting       | 3 |  3.4
Dodging        | 1 |  1.2
Armour         | |  2.6
Shields        | |  2.6

Action                   |  1- 3 |  4- 6 || total
-------------------------+-------+-------++-------
Melee: Long sword        |   162 |    25 ||   187
  Use: Scroll            |     4 |       ||     4
       Potion            |       |     1 ||     1
Armor: Scale mail        |    16 |       ||    16
       Leather armour    |    40 |    10 ||    50
Dodge: Dodged            |   120 |    19 ||   139
Block: Buckler           |    42 |     4 ||    46

Table legend: (Time is in decaauts)
 A = Elapsed time spent in this place.
 B = Non-inter-level travel time spent in this place.
 C = Inter-level travel time spent in this place.
 D = Time resting spent in this place.
 E = Time spent auto-exploring this place.
 F = Levels seen in this place.
 G = Mean time per level.
                   A        B        C        D        E       F      G
               +--------+--------+--------+--------+--------+-----+--------+
         Total |   1675 |   1560 |    115 |    154 |    884 |   2 |  837.5 |
       Dungeon |   1675 |   1560 |    115 |    154 |    884 |   2 |  837.5 |
               +--------+--------+--------+--------+--------+-----+--------+

Top non-repeatable levels by time:
     D:1: 944 daAuts
     D:2: 731 daAuts
